 Dungeon Crawl Stone Soup version 0.20-a0-681-gf83e07f (webtiles) character file.

567 TuxedoFelix the Chopper (level 7, -5/66 HPs)
             Began as a Minotaur Berserker on Feb 18, 2017.
             Was a Believer of Trog.
             Slain by a mummy (19 damage)
             ... in an ossuary.
             The game lasted 00:19:29 (5046 turns).

TuxedoFelix the Chopper (Minotaur Berserker)        Turns: 5046, Time: 00:19:30

Health: -5/66      AC:  2    Str: 25    XL:     7   Next: 11%
Magic:  6/6        EV: 12    Int:  4    God:    Trog [**....]
Gold:   204        SH:  0    Dex: 10    Spells: 6/6 levels left

rFire    . . .     SeeInvis .   a - +0 hand axe
rCold    . . .     Gourm    .   b - +0 animal skin
rNeg     . . .     Faith    .   (no shield)
rPois    .         Spirit   .   (helmet restricted)
rElec    .         Reflect  .   (no cloak)
rCorr    .         Harm     .   (no gloves)
MR       .....                  (no boots)
Stlth    +.........             (no amulet)
Regen    0.3/turn               (no ring)
MPRegen  0.1/turn               g - +2 ring of strength

@: no status effects
A: retaliatory headbutt, horns 2
a: Berserk, Trog's Hand, Burn Spellbooks, Renounce Religion


You were in an ossuary.
You worshipped Trog.
Trog was pleased with you.
You were hungry.

You visited 1 branch of the dungeon, and saw 5 of its levels.
You also visited: Ossuary.

You collected 204 gold pieces.

Inventory:

Hand Weapons
 a - a +0 hand axe (weapon)
 k - a +0 war axe
Missiles
 v - 10 tomahawks (quivered)
Armour
 b - a +0 animal skin (worn)
Jewellery
 g - a +2 ring of strength (left hand)
 x - an uncursed ring of poison resistance {unknown}
Wands
 l - a wand of polymorph (13/24)
Scrolls
 d - a scroll of identify
 f - 2 scrolls of blinking
 n - a scroll of amnesia {unknown}
 o - 2 scrolls of teleportation {unknown}
 p - 2 scrolls of recharging {unknown}
 y - 2 scrolls of immolation {unknown}
Potions
 e - a potion of curing
 i - 2 potions of agility
 j - 2 potions of haste {unknown}
 q - a potion of might {unknown}
 r - a potion of mutation {unknown}
 s - a potion of brilliance {unknown}
 u - a potion of flight {unknown}
 w - a potion of lignification {unknown}
Comestibles
 c - a bread ration
 h - 3 royal jellies
 m - a meat ration
 t - 2 fruits


   Skills:
 + Level 7.3 Fighting
 + Level 7.4 Axes
 - Level 2.4 Armour
 - Level 2.1 Dodging


You had 6 spell levels left.
You didn't know any spells.

Dungeon Overview and Level Annotations

Branches:
Dungeon (5/15)
 Temple: D:4-7

Altars:
Gozag
Uskayaw
The Shining One


Innate Abilities, Weirdness & Mutations

You reflexively headbutt those who attack you in melee.
You have a pair of horns on your head.


Message History

You start resting.
You are feeling hungry.
You start resting.
You hear the brisk hiss of an avalanche of sand.
There is a sand-covered staircase here.
The world spins around you as you enter the gateway.
You enter an ossuary!
Found a gate leading back out of this place.
There is an empty arch of ancient stone here.
You start resting.
A mummy opens the door.
A mummy is nearby!
The mummy hits you.
* * * LOW HITPOINT WARNING * * *
You barely miss the mummy.
You headbutt the mummy, but do no damage.
You hit the mummy but do no damage. You headbutt the mummy!
The mummy is heavily damaged.
The mummy hits you!!
You die...

## ##
#. .#
#'#'#
...
##M##
#.@.#
#.∩.#
#∩..#
#####


You could see a mummy.

Vanquished Creatures
  A sky beast (D:5)
  A phantom (D:4)
  3 orc priests (D:4)
  A centaur skeleton (D:4)
  An orc wizard (D:5)
  3 worker ants (D:4)
  A mummy (D:5)
  5 adders (D:2)
  A howler monkey skeleton (D:4)
  An adder skeleton (D:4)
  A worm (D:3)
  2 dart slugs (D:1)
  2 leopard geckos
  10 orcs
  8 bats
  8 giant cockroaches
  6 hobgoblins
  15 jackals
  2 kobolds
  A quokka (D:3)
  3 frilled lizards (D:2)
  4 goblins
  10 rats
90 creatures vanquished.

Vanquished Creatures (others)
  A withered plant (Ossuary)
1 creature vanquished.

Grand Total: 91 creatures vanquished

Notes
Turn   | Place    | Note
-------+----------+-------------------------------------------
     0 | D:1      | TuxedoFelix the Minotaur Berserker began the quest for the Orb.
     0 | D:1      | Reached XP level 1. HP: 19/19 MP: 0/0
    31 | D:1      | Reached XP level 2. HP: 21/27 MP: 1/1
   601 | D:2      | Reached XP level 3. HP: 24/33 MP: 2/2
   605 | D:2      | Reached ** piety under Trog
   791 | D:2      | Reached skill level 5 in Axes
   848 | D:2      | Reached XP level 4. HP: 38/41 MP: 3/3
  1026 | D:2      | Reached skill level 5 in Fighting
  1216 | D:2      | Found an opulent altar of Gozag.
  1274 | D:2      | Found a glowing golden altar of the Shining One.
  1276 | D:2      | Found a hide-covered altar of Uskayaw.
  2517 | D:4      | Reached XP level 5. HP: 38/48 MP: 4/4
  3294 | D:4      | Reached *** piety under Trog
  3817 | D:4      | Reached XP level 6. HP: 44/57 MP: 5/5
  4631 | D:5      | Entered Level 5 of the Dungeon
  4870 | D:5      | Noticed a sky beast
  4910 | D:5      | Killed a sky beast
  4910 | D:5      | Reached XP level 7. HP: 10/66 MP: 6/6
  4999 | D:5      | Found a sand-covered staircase.
  5030 | Ossuary  | Entered an ossuary
  5046 | Ossuary  | Slain by a mummy

Vault maps used:
D:1:      minmay_arrival_checkered_box
D:2:      nicolae_overflow_hidden_temple
D:3:      first_bread
D:4:      wad_lake_hut, serial_glass, glass_columns_a, glass_columns_a,
          glass_columns_c, glass_columns_c
D:5:      gup_ossuary_entry_pyramid, serial_shops, kennysheep_mini_moat
Ossuary:  ossuary_zaba_flooded

Skill      XL: |  1  2  3  4  5  6 |
---------------+-------------------+-----
Axes           | 4 5 6 7 |  7.4
Fighting       | 4 5 6 7 |  7.3
Armour         | |  2.4
Dodging        | |  2.1

Action                   |  1- 3 |  4- 6 |  7- 9 || total
-------------------------+-------+-------+-------++-------
Melee: Hand axe          |    62 |   164 |     5 ||   231
       Headbutt          |     7 |    22 |     3 ||    32
Invok: Berserk           |     1 |     2 |       ||     3
       Trog's Hand       |       |     2 |       ||     2
  Use: Scroll            |       |     3 |       ||     3
  Eat: Chunk             |     1 |     2 |       ||     3
       Bread ration      |       |     3 |       ||     3
Armor: Animal skin       |    19 |    24 |       ||    43
Dodge: Dodged            |    58 |    82 |     1 ||   141
